 Dungeon Crawl Stone Soup version 0.30.0-3-ga4e48a9924 (webtiles) character file.

Game seed: 18340748748187516371

190 hawla the Firebug (level 6, 0/46 HPs)
             Began as a Meteoran Fire Elementalist on May 7, 2023.
             Slain by Duvessa
             ... wielding a +2 short sword of freezing
              (8 damage)
             ... on level 4 of the Dungeon.
             The game lasted 00:01:42 (202 turns).

hawla the Firebug (Meteoran Fire Elementalist)       Turns: 202, Time: 00:01:43

Health: 0/46       AC:  2    Str: 10    XL:     6   Next: 21%
Magic:  1/13       EV: 13    Int: 19    God:
Gold:   24         SH:  0    Dex: 14    Spells: 6/13 levels left

rFire   . . .        (no weapon)
rCold   . . .        (no shield)
rNeg    . . .        a - +0 robe
rPois   .            (no helmet)
rElec   .            (no cloak)
rCorr   .            (no gloves)
SInv    .            (no boots)
Will    .....        (no amulet)
Stlth   +            (no ring)
HPRegen 0.27/turn    (no ring)
MPRegen 0.13/turn

%: no passive effects
@: very slightly contaminated, glowing
A: sense surroundings 1, otherworldly, glowing, explore regen
a: no special abilities


You were on level 4 of the Dungeon.
You visited 1 branch of the dungeon, and saw 4 of its levels.

You collected 24 gold pieces.

Inventory:

Armour
 a - a +0 robe (worn)
Scrolls
 c - a scroll of identify
Potions
 b - a potion of magic
 d - a potion of heal wounds
 e - a potion of curing {unknown}


   Skills:
 - Level 0.5 Fighting
 - Level 3.1 Dodging
 - Level 1.4 Stealth
 - Level 4.2 Spellcasting
 + Level 2.5 Conjurations
 - Level 5.7 Fire Magic


You had 6 spell levels left.
You knew the following spells:

 Your Spells              Type           Power      Damage    Failure   Level
a - Foxfire               Conj/Fire      76%        2x1d7     2%          1
b - Scorch                Fire           50%        2d7       1%          2
c - Flame Wave            Conj/Fire      19%        2d7       24%         4

Your spell library contained the following spells:

 Spells                   Type           Power      Damage    Failure   Level
 Inner Flame              Hex/Fire       14%        N/A       12%         3
 Volatile Blastmotes      Fire/Tloc      28%        2d12      12%         3


Dungeon Overview and Level Annotations

Branches:
Dungeon (4/15) Zot: 2197
 Temple: D:4-7

Altars:

Annotations:
D:4 Dowan, Duvessa


Innate Abilities, Weirdness & Mutations

You passively map a small area around you.
You are easily found by Zot.
You glow in the dark.
You regain HP and MP as you explore.


Message History

The spell is quite dangerous to miscast (24% risk of failure)!
Continue anyway?
Casting: Flame Wave (quite dangerous; 24% risk of failure)
Press: ? - help, Dir - look around, f - activate A wave of flame ripples out!
The flame wave engulfs the goblin!
You kill the goblin! (Press . to intensify the flame waves.) Unknown command.
A wave of flame ripples out!
The flame wave engulfs Duvessa.
Duvessa is lightly wounded.
You hear a shout!
You hear an angry hiss.
A wave of flame ripples out!
The flame wave engulfs Duvessa!
Duvessa is moderately wounded.
The flame wave engulfs Dowan.
Dowan is lightly wounded.
You finish channelling waves of flame.
Dowan drinks a potion.
Dowan seems to speed up.
Duvessa hits you with a +2 short sword of freezing.
Duvessa freezes you.
Casting: Flame Wave (quite dangerous; 24% risk of failure)
Confirm with . or Enter, or press ? or * to list all spells.
The spell is quite dangerous to miscast (24% risk of failure)!
Continue anyway?
Casting: Flame Wave (quite dangerous; 24% risk of failure)
Press: ? - help, Dir - look around, f - activate You miscast Flame Wave.
You are very lightly contaminated with residual magic.
Sparks fly from your hands! Duvessa closely misses you.
Unknown command.
Dowan misses you.
Duvessa hits you with a +2 short sword of freezing!
Duvessa freezes you.
* * * LOW HITPOINT WARNING * * *
Dowan hits you with a +0 dagger.
* * * LOW HITPOINT WARNING * * *
Unknown command.
As you read the scroll labelled XOZXISYLOEST, it crumbles to dust.
It is a scroll of identify.
d - a potion of heal wounds Dowan closely misses you.
Duvessa hits you with a +2 short sword of freezing!
You die...

, ##. #.# ,* *
*##..###.# ,,
........# ** ,
........#
........#.......,#.#
........#......#.#.#
,
...$..e.#......#...#
......e@#...........
#####.#.#...........
# #.#)..........
#.#...........
#.#.#...).......
#...............
#.#.#..#.#...... *
#............#...
#..#.###....## ## *


You could see Duvessa and Dowan (fast).

Vanquished Creatures
  Sigmund (D:4)
  An adder (D:4)
  A bat (D:2)
  2 endoplasms
  3 goblins (D:4)
  A hobgoblin (D:2)
  2 jackals (D:2)
  A ball python (D:2)
  A rat (D:1)
13 creatures vanquished.

Vanquished Creatures (others)
  30 foxfires
30 creatures vanquished.

Grand Total: 43 creatures vanquished

Notes
Turn   | Place    | Note
-------+----------+-------------------------------------------
     0 | D:1      | hawla the Meteoran Fire Elementalist began the quest for
                  | the Orb.
     0 | D:1      | Reached XP level 1. HP: 14/14 MP: 5/5
   105 | D:2      | Reached XP level 2. HP: 20/20 MP: 2/6
   144 | D:4      | Reached skill level 4 in Fire Magic
   144 | D:4      | Reached XP level 3. HP: 19/26 MP: 3/8
   151 | D:4      | Learned a level 2 spell: Scorch
   170 | D:4      | Noticed Sigmund
   176 | D:4      | Killed Sigmund
   177 | D:4      | Reached skill level 5 in Fire Magic
   177 | D:4      | Reached XP level 4. HP: 34/34 MP: 0/11
   177 | D:4      | Reached XP level 5. HP: 39/39 MP: 0/12
   177 | D:4      | Reached XP level 6. HP: 46/46 MP: 0/13
   187 | D:4      | Learned a level 4 spell: Flame Wave
   193 | D:4      | Noticed Duvessa
   193 | D:4      | Noticed Dowan
   202 | D:4      | Slain by Duvessa

Illustrated notes

Levels and vault maps discovered:
D:1:      saegor_arrival_simple_e, layout_basic, serial_bayou,
          serial_bayou_crossing, serial_bayou_shore_b, serial_bayou_pond_d,
          serial_bayou_lagoon_a, serial_bayou_pond_c, serial_park_tiny_1
D:2:      layout_basic, serial_shops, nicolae_shop_back_alley_shop
D:3:      layout_loops_ring
D:4:      layout_rooms, minmay_bent, uniq_sigmund, uniq_ijyb,
          uniq_crazy_yiuf_cottage, uniq_duvessa

Skill      XL: |  1  2  3 |
---------------+----------+-----
Spellcasting   | 3 4 |  4.2
Fire Magic     | 4 5 |  5.7
Dodging        | 3 |  3.1
Conjurations   | 2 |  2.5
Fighting       | |  0.5
Stealth        | |  1.4

Action                     |  1- 3 |  4- 6 || total
---------------------------+-------+-------++-------
  Melee: Unarmed           |     1 |     1 ||     2
   Cast: Foxfire           |    19 |     1 ||    20
         Scorch            |     1 |       ||     1
         Flame Wave        |       |     1 ||     1
    Use: Scroll            |       |     1 ||     1
 Armour: Robe              |     1 |       ||     1
  Dodge: Dodged            |     3 |     3 ||     6
